 Dungeon Crawl Stone Soup version 0.27.0-1-g7a089689b8 (webtiles) character file.

Game seed: 7498427385032941424

0 EnegeticOcto the Shield-Bearer (level 1, 0/20 HPs)
             Began as a Deep Dwarf Fighter on Aug 2, 2021.
             Succumbed to a kobold's poison
             ... on level 1 of the Dungeon.
             The game lasted 00:00:08 (23 turns).

EnegeticOcto the Shield-Bearer (Deep Dwarf Fighter)   Turns: 23, Time: 00:00:08

Health: 0/20       AC:  6    Str: 19    XL:     1   Next: 8%
Magic:  1/1        EV:  7    Int:  8    God:
Gold:   0          SH:  9    Dex: 12    Spells: 0/0 levels left

rFire    . . .     SeeInvis .   a - +0 war axe
rCold    . . .     Faith    .   c - +0 kite shield
rNeg     . . .     Spirit   .   b - +0 scale mail
rPois    .         Reflect  .   (no helmet)
rElec    .         Harm     .   (no cloak)
rCorr    .         Rampage  .   (no gloves)
Will     .....                  (no boots)
Stlth    ..........             (no amulet)
HPRegen  0.00/turn              (no ring)
MPRegen  0.07/turn              (no ring)

@: lethally poisoned (0 -> -12)
A: damage resistance, heal wounds, sense surroundings 1, no regeneration
a: Heal Wounds


You were on level 1 of the Dungeon.
You visited 1 branch of the dungeon, and saw 1 of its levels.

Inventory:

Hand Weapons
 a - a +0 war axe (weapon)
Armour
 b - a +0 scale mail (worn)
 c - a +0 kite shield (worn)
Potions
 d - a potion of might {@q3}


   Skills:
 + Level 2.7 Fighting
 * Level 2.2 Axes
 - Level 3.2 Armour
 + Level 3.3 Shields


You couldn't memorise any spells.
You didn't know any spells.
Your spell library was empty.

Dungeon Overview and Level Annotations

Branches:
Dungeon (1/15)

Altars:


Innate Abilities, Weirdness & Mutations

You are resistant to damage.
You can heal yourself by infusing magical energy.
You passively map a small area around you.
You do not regenerate.


Message History

Welcome, EnegeticOcto the Deep Dwarf Fighter.
Will you prevail where others failed? Will you find the Orb of Zot?
Press ? for a list of commands and other information.
Found 19 stones.
Found two stairs.
Found 18 bolts.
A rat comes into view.
A rat is nearby!
A rat is nearby!
A rat is nearby!
A rat is nearby!
A kobold comes into view.
It is wielding a +0 short sword of venom.
You hit the rat.
The rat is severely wounded.
The kobold throws a stone.
The stone barely misses you. You block the rat's attack.
You hit the rat.
You kill the rat!
The kobold throws a stone.
You block the stone.
A giant cockroach comes into view.
The kobold hits you with a +0 short sword of venom.
You are poisoned.
There are monsters nearby!
There are monsters nearby!
There are monsters nearby!
There are monsters nearby!
You hit the kobold.
The kobold is moderately wounded.
The kobold hits you but does no damage.
You are more poisoned.
You completely miss the kobold.
The kobold is moderately wounded.
The kobold hits you but does no damage.
You are more poisoned.
The kobold hits you with a +0 short sword of venom.
You are more poisoned.
You hit the kobold.
The kobold is severely wounded.
Ouch! That really hurt!
* * * LOW HITPOINT WARNING * * *
You feel extremely sick. The kobold hits you but does no damage.
You are lethally poisoned!
The giant cockroach completely misses you.
The kobold hits you but does no damage.
You are more poisoned.
You are too injured to fight recklessly!
You are too injured to fight recklessly!
You are too injured to fight recklessly!
You are too injured to fight recklessly!
You are too injured to fight recklessly!
You are too injured to fight recklessly!
You are too injured to fight recklessly!
You are too injured to fight recklessly!
There is a lethal amount of poison in your body!
There is a lethal amount of poison in your body!
There is a lethal amount of poison in your body!
You are too injured to fight recklessly!
You are too injured to fight recklessly!
You are too injured to fight recklessly!
You are too injured to fight recklessly!
You are too injured to fight recklessly!
You are too injured to fight recklessly!
You are too injured to fight recklessly!
You are too injured to fight recklessly!
You are too injured to fight recklessly!
You are too injured to fight recklessly!
You are too injured to fight recklessly!
You feel much better.
You feel extremely sick. The giant cockroach closely misses you.
You block the kobold's attack.
You slash the kobold!
You kill the kobold!
You hit the giant cockroach.
Ouch! That really hurt!
You die...

, , * ############# , ..
..... ............. ,
..#...##########<>####
#.#.#.#.(.............
#.....#.##..##......## ,
. #.....#...............
#.##....#.######......##
,......B)#...............
* #...@#.############## ,
, #..†.........., , , *
#...#######... , , *####
, , , , , * , * * , * ,,


You could see a giant cockroach.

Vanquished Creatures
  A kobold (D:1)
  A rat (D:1)
2 creatures vanquished.

Notes
Turn   | Place    | Note
-------+----------+-------------------------------------------
     0 | D:1      | EnegeticOcto the Deep Dwarf Fighter began the quest for the
                  | Orb.
     0 | D:1      | Reached XP level 1. HP: 20/20 MP: 1/1
    23 | D:1      | Succumbed to a kobold's poison

Illustrated notes

Levels and vault maps discovered:
D:1:      dpeg_arrival_line_fractal, layout_basic

Action                   || total
-------------------------++-------
Melee: War axe           ||     6
 Abil: Heal Wounds       ||     1
Armor: Scale mail        ||     4
Dodge: Dodged            ||     3
Block: Kite shield       ||     3
